 Dungeon Crawl Stone Soup version 0.30-b1-2-g02819fbbbe (webtiles) character file.

Game seed: 15666017886297989395

1712 Anothat the Carver (level 9, -5/69 HPs)
             Began as a Gnoll Wanderer on May 11, 2023.
             Slain by a skeletal warrior
             ... wielding a +0 scimitar
              (18 damage)
             ... on level 6 of the Dungeon.
             The game lasted 00:13:22 (6683 turns).

Anothat the Carver (Gnoll Wanderer)                 Turns: 6683, Time: 00:13:22

Health: -5/69      AC:  6    Str: 18    XL:     9   Next: 4%
Magic:  15/15      EV: 13    Int:  9    God:
Gold:   241        SH:  0    Dex: 12    Spells: 16/16 levels left

rFire   . . .        l - +1 long sword
rCold   . . .        (no shield)
rNeg    . . .        e - +0 leather armour
rPois   .            g - +0 helmet
rElec   .            (no cloak)
rCorr   .            (no gloves)
SInv    .            r - +0 pair of boots {Stlth+}
Will    .....        (no amulet)
Stlth   +++          (no ring)
HPRegen 0.31/turn    (no ring)
MPRegen 0.14/turn

%: no passive effects
@: mighty
A: fangs 1, strong nose, distributed training
a: no special abilities


You were on level 6 of the Dungeon.
You visited 2 branches of the dungeon, and saw 8 of its levels.

You collected 406 gold pieces.
You spent 165 gold pieces at shops.

Inventory:

Hand Weapons
 a - a +2 falchion
 l - a +1 long sword (weapon)
Missiles
 q - 3 javelins (quivered)
Armour
 c - a +0 helmet
 e - a +0 leather armour (worn)
 g - a +0 helmet (worn)
 r - a +0 pair of boots of stealth (worn)
 s - a +0 ring mail
 w - a scarf of harm
Jewellery
 d - a ring of magical power
Wands
 x - a wand of polymorph (9)
Scrolls
 b - 4 scrolls of teleportation
 f - a scroll of magic mapping
 p - 5 scrolls of identify
Potions
 h - 2 potions of haste {unknown}
 i - 4 potions of might
 j - a potion of resistance {unknown}
 k - 3 potions of attraction
 m - a potion of mutation
 n - a potion of magic
 o - 2 potions of ambrosia
 t - a potion of flight {unknown}
 u - a potion of curing
 v - 2 potions of heal wounds


   Skills:
 + Level 6.1 Fighting
 + Level 4.0 Short Blades
 + Level 11.1 Long Blades
 + Level 4.0 Axes
 + Level 4.0 Maces & Flails
 + Level 4.0 Polearms
 + Level 4.0 Staves
 + Level 4.0 Ranged Weapons
 + Level 4.0 Throwing
 + Level 4.8 Armour
 + Level 4.8 Dodging
 + Level 4.0 Stealth
 + Level 4.0 Shields
 + Level 4.8 Unarmed Combat
 + Level 4.0 Spellcasting
 + Level 3.2 Conjurations
 + Level 3.2 Hexes
 + Level 3.2 Summonings
 + Level 3.2 Necromancy
 + Level 3.2 Translocations
 + Level 3.2 Transmutations
 + Level 3.2 Fire Magic
 + Level 3.2 Ice Magic
 + Level 3.2 Air Magic
 + Level 3.2 Earth Magic
 + Level 3.2 Poison Magic
 + Level 4.3 Invocations
 + Level 4.0 Evocations


You had 16 spell levels left.
You didn't know any spells.
Your spell library was empty.

Dungeon Overview and Level Annotations

Branches:
Dungeon (7/15)             Temple (1/1) D:4

Altars:
Dithmenos
Elyvilon
Fedhas
Gozag
Hepliaklqana
Makhleb
Nemelex Xobeh
Okawaru
Qazlal
Uskayaw
Vehumet
Xom
Yredelemnul
Zin
The Shining One

Shops:
D:4 :   D:5 ([[   D:6 [

Annotations:
D:5 1 runed translucent door, EnegeticOcto's ghost, novice MiFi


Innate Abilities, Weirdness & Mutations

You have very sharp teeth.
Your uncanny sense of smell can sniff out nearby items.
Your experience applies equally to all skills.


Message History

The orc warrior closely misses you.
The skeletal warrior hits you with a +0 scimitar!
You hit the skeletal warrior.
The skeletal warrior is moderately damaged.
The skeletal warrior barely misses you.
The orc warrior hits you from afar with a +0 glaive!
Press: ? - help, v - describe, . - travel
Here: a skeletal warrior, wielding a +0 scimitar (moderately damaged)
The floor.
A white ugly thing comes into view.
There is a stone staircase leading up here.
The skeletal warrior hits you with a +0 scimitar!
You climb upwards.
There is a stone staircase leading down here.
You hit the skeletal warrior but do no damage.
The skeletal warrior is lightly damaged.
You hit the skeletal warrior but do no damage.
The skeletal warrior is lightly damaged.
The skeletal warrior barely misses you.
You hit the skeletal warrior.
The skeletal warrior is moderately damaged.
The skeletal warrior hits you with a +0 scimitar.
You slash the skeletal warrior!
The skeletal warrior is moderately damaged.
The skeletal warrior hits you with a +0 scimitar!
* * * LOW HITPOINT WARNING * * *
You closely miss the skeletal warrior. Your bite misses the skeletal warrior.
The skeletal warrior is moderately damaged.
The skeletal warrior closely misses you.
You hit the skeletal warrior.
You bite the skeletal warrior, but do no damage.
The skeletal warrior is heavily damaged.
You slash the skeletal warrior!
The skeletal warrior is severely damaged.
The skeletal warrior misses you.
You barely miss the skeletal warrior. Your punch misses the skeletal warrior.
Your bite misses the skeletal warrior.
The skeletal warrior is severely damaged.
The skeletal warrior hits you with a +0 scimitar!!
You die...

##### #.....################
....# #....................#
###.# ##.....##############.###
#.####.......#############...#
#............................#
#.####.......#.........###...##
###.#
###...###.#...............
....# #...# #.#.#####.###..###
.#### ####.####@#.# #.# #..# #
.# #.<......z#.# #.# #..# # .#
#.##.######.# #.###..### W#
#.#..# #.# #......... @# #.#.##
#.# #...#####. W#######.#.# #.#
#...# #. ..#......#)# #.# #...#
#. ..#>######.# ###.#####...#
#. ....#
#.#####...........#####.


You could see a skeletal warrior.

Vanquished Creatures
  Menkaure (D:4)
  A water moccasin (D:6)
  A sky beast (D:7)
  A black bear (D:5)
  2 ogres (D:5)
  2 phantoms (D:6)
  2 bullfrogs (D:6)
  A water moccasin zombie (D:5)
  2 scorpions
  A howler monkey (D:6)
  A bullfrog zombie (D:5)
  2 jellies
  2 orc priests
  2 hounds (D:5)
  2 sleepcaps (D:4)
  3 orc wizards
  2 killer bee zombies (D:5)
  A howler monkey zombie (D:5)
  4 gnolls (D:5)
  12 adders
  A white imp (D:6)
  A dart slug (D:3)
  8 orcs
  6 ball pythons
  11 endoplasms
  5 giant cockroaches
  4 goblins
  8 hobgoblins
  14 jackals
  4 quokkas
  5 bats
  6 frilled lizards
  5 kobolds
  6 rats
129 creatures vanquished.

Vanquished Creatures (others)
  3 plants (D:7)
3 creatures vanquished.

Grand Total: 132 creatures vanquished

Notes
Turn   | Place    | Note
-------+----------+-------------------------------------------
     0 | D:1      | Reached skill level 10 in Long Blades
     0 | D:1      | Anothat the Gnoll Wanderer began the quest for the Orb.
     0 | D:1      | Anothat set off with the following items: a +2 falchion, a
                  | scroll of teleportation, a +0 helmet, a scroll of
                  | summoning, a +0 leather armour.
     0 | D:1      | Reached XP level 1. HP: 20/20 MP: 1/1
    60 | D:1      | Reached XP level 2. HP: 26/26 MP: 2/2
   641 | D:2      | Reached XP level 3. HP: 31/31 MP: 3/3
   712 | D:2      | Reached skill level 1 in Invocations
   834 | D:2      | Reached skill level 1 in Short Blades
   834 | D:2      | Reached skill level 1 in Axes
   834 | D:2      | Reached skill level 1 in Maces & Flails
   834 | D:2      | Reached skill level 1 in Polearms
   834 | D:2      | Reached skill level 1 in Staves
   834 | D:2      | Reached skill level 1 in Ranged Weapons
   834 | D:2      | Reached skill level 1 in Throwing
   834 | D:2      | Reached skill level 1 in Stealth
   834 | D:2      | Reached skill level 1 in Shields
   834 | D:2      | Reached skill level 1 in Spellcasting
   834 | D:2      | Reached skill level 1 in Evocations
   895 | D:2      | You fall into a shaft and drop 1 floor!
   987 | D:2      | Reached XP level 4. HP: 32/38 MP: 5/5
  1501 | D:3      | Reached skill level 1 in Conjurations
  1501 | D:3      | Reached skill level 1 in Hexes
  1501 | D:3      | Reached skill level 1 in Summonings
  1501 | D:3      | Reached skill level 1 in Necromancy
  1501 | D:3      | Reached skill level 1 in Translocations
  1501 | D:3      | Reached skill level 1 in Transmutations
  1501 | D:3      | Reached skill level 1 in Fire Magic
  1501 | D:3      | Reached skill level 1 in Ice Magic
  1501 | D:3      | Reached skill level 1 in Air Magic
  1501 | D:3      | Reached skill level 1 in Earth Magic
  1501 | D:3      | Reached skill level 1 in Poison Magic
  1786 | D:3      | Found a faded altar of an unknown god.
  2042 | D:4      | Reached XP level 5. HP: 42/43 MP: 7/7
  2130 | D:4      | Found Xiodotua's Book Shoppe.
  2198 | D:4      | Noticed Menkaure
  2726 | D:4      | Killed Menkaure
  2727 | D:4      | Reached skill level 5 in Fighting
  2727 | D:4      | Reached XP level 6. HP: 15/51 MP: 7/9
  2870 | D:4      | Found a hazy altar of Hepliaklqana.
  2870 | D:4      | Found a shadowy altar of Dithmenos.
  2873 | D:4      | Noticed a shadow
  2999 | D:4      | Found a glowing silver altar of Zin.
  3193 | D:4      | Found a staircase to the Ecumenical Temple.
  3508 | Temple   | Entered the Ecumenical Temple
  3600 | D:5      | Entered Level 5 of the Dungeon
  3612 | D:5      | Found Paury's Antique Armour Shop.
  3620 | D:5      | Bought a pair of glowing boots for 165 gold pieces
  3630 | D:5      | Found Pukk's Armour Boutique.
  3711 | D:5      | Noticed a black bear
  3730 | D:5      | Killed a black bear
  3731 | D:5      | Reached XP level 7. HP: 56/56 MP: 10/10
  4045 | D:5      | Found a basalt altar of Yredelemnul.
  4155 | D:5      | Found Jeawnoiwk's Weapon Shop.
  4198 | D:5      | Reached XP level 8. HP: 20/63 MP: 12/12
  5016 | D:5      | Found a runed translucent door.
  5018 | D:5      | Noticed EnegeticOcto's ghost (novice MiFi)
  5367 | D:6      | Reached skill level 11 in Long Blades
  5612 | D:6      | Noticed Eustachio
  5626 | D:6      | Found Belo's Armour Boutique.
  6011 | D:6      | Eustachio changed into Eustachio the scorpion
  6011 | D:6      | Noticed Eustachio
  6016 | D:6      | Killed Eustachio the scorpion
  6359 | D:6      | Noticed Pikel
  6369 | D:6      | Pikel changed into Pikel the water moccasin
  6369 | D:6      | Noticed Pikel
  6381 | D:6      | Killed Pikel the water moccasin
  6549 | D:7      | Reached XP level 9. HP: 48/69 MP: 13/15
  6647 | D:7      | Noticed a skeletal warrior
  6647 | D:7      | Noticed a hornet
  6647 | D:7      | Noticed a green ugly thing
  6647 | D:7      | Noticed a gargoyle
  6663 | D:7      | Noticed a white ugly thing
  6683 | D:6      | Slain by a skeletal warrior

Illustrated notes

Levels and vault maps discovered:
D:1:      shiori_arrival_maze, layout_basic
D:2:      layout_loops_ring
D:3:      minmay_inner_zag, layout_basic, shapermc_ecumenical_altar_notcrosses
D:4:      layout_basic, riverfiend_overflow_shadow_ancestor, zin_statuary,
          lemuel_temple_firewalk_b, serial_shops, shop, uniq_menkaure
D:5:      layout_loops_ring, nicolae_yredelemnul_corpse_copse, serial_shops,
          nicolae_shop_peninsula, shop, nicolae_shop_pleasant_corner_grove,
          ebering_ghost_inner_flame, corexii_hall_statues_x,
          nicolae_underground_beach
D:6:      layout_loops_ring, serial_shops, nicolae_lakefront_shop,
          uniq_eustachio, uniq_pikel
D:7:      nzn_winding_woodlands_cross [nzn_winding_woodlands_5x15_default,
          nzn_winding_woodlands_5x15_split_checker,
          nzn_winding_woodlands_5x15_concentric,
          nzn_winding_woodlands_5x15_pathside_ponds,
          nzn_winding_woodlands_15x15_killbox], layout_rooms,
          lemuel_crystal_altar
Temple:   nicolae_temple_ecumenical_triangle

Skill      XL: |  1  2  3  4  5  6  7  8 |
---------------+-------------------------+-----
Long Blades    | 11 | 11.1
Invocations    | 1 2 3 4 |  4.3
Short Blades   | 1 2 3 4 |  4.0
Axes           | 1 2 3 4 |  4.0
Maces & Flails | 1 2 3 4 |  4.0
Polearms       | 1 2 3 4 |  4.0
Staves         | 1 2 3 4 |  4.0
Ranged Weapons | 1 2 3 4 |  4.0
Throwing       | 1 2 3 4 |  4.0
Stealth        | 1 2 3 4 |  4.0
Shields        | 1 2 3 4 |  4.0
Spellcasting   | 1 2 3 4 |  4.0
Evocations     | 1 2 3 4 |  4.0
Conjurations   | 1 2 3 |  3.2
Hexes          | 1 2 3 |  3.2
Summonings     | 1 2 3 |  3.2
Necromancy     | 1 2 3 |  3.2
Translocations | 1 2 3 |  3.2
Transmutations | 1 2 3 |  3.2
Fire Magic     | 1 2 3 |  3.2
Ice Magic      | 1 2 3 |  3.2
Air Magic      | 1 2 3 |  3.2
Earth Magic    | 1 2 3 |  3.2
Poison Magic   | 1 2 3 |  3.2
Armour         | 3 4 |  4.8
Dodging        | 3 4 |  4.8
Unarmed Combat | 3 4 |  4.8
Fighting       | 5 6 |  6.1

Action                     |  1- 3 |  4- 6 |  7- 9 || total
---------------------------+-------+-------+-------++-------
  Melee: Falchion          |    70 |       |       ||    70
         Bite              |     9 |    11 |    20 ||    40
         Punch             |     1 |     2 |     5 ||     8
         Long sword        |    20 |   141 |   239 ||   400
  Throw: Javelin           |       |     2 |       ||     2
  Evoke: Wand              |       |     6 |    15 ||    21
    Use: Scroll            |       |    11 |     4 ||    15
         Potion            |       |     1 |     9 ||    10
   Stab: Sleeping          |       |     4 |     3 ||     7
 Armour: Leather armour    |    22 |    25 |    57 ||   104
  Dodge: Dodged            |    63 |    80 |   140 ||   283
